 Dungeon Crawl Stone Soup version 0.28.0-45-g0d030f2227 (webtiles) character file.

Game seed: 13469962458583650374

49 pkoi the Covered (level 3, -2/31 HPs)
             Began as a Demigod Fighter on Apr 14, 2022.
             Slain by a goblin
             ... wielding a +0 club
             ... led by Robin
              (5 damage)
             ... on level 2 of the Dungeon.
             The game lasted 00:01:17 (1570 turns).

pkoi the Covered (Demigod Fighter)                  Turns: 1570, Time: 00:01:18

Health: -2/31      AC:  6    Str: 21    XL:     3   Next: 33%
Magic:  5/5        EV:  9    Int: 10    God:
Gold:   139        SH:  4    Dex: 13    Spells: 2/2 levels left

rFire   . . .      SeeInvis .   a - +0 long sword
rCold   . . .      Faith    .   c - +0 buckler
rNeg    . . .      Spirit   .   b - +0 scale mail
rPois   .          Reflect  .   (no helmet)
rElec   .          Harm     .   (no cloak)
rCorr   .          Rampage  .   (no gloves)
Will    .....                   (no boots)
Stlth   ..........              (no amulet)
HPRegen 0.10/turn               (no ring)
MPRegen 0.09/turn               (no ring)

@: no status effects
A: high MP 1, forlorn, divine attributes
a: no special abilities


You were on level 2 of the Dungeon.
You visited 1 branch of the dungeon, and saw 2 of its levels.

You collected 139 gold pieces.

Inventory:

Hand Weapons
 a - a +0 long sword (weapon)
Armour
 b - a +0 scale mail (worn)
 c - a +0 buckler (worn)
Scrolls
 e - 4 scrolls of identify {unknown}
 f - a scroll of silence {unknown}
 h - a scroll of teleportation {unknown}
Potions
 d - 2 potions of might
 g - a potion of heal wounds {unknown}


   Skills:
 + Level 3.0 Fighting
 * Level 2.5 Long Blades
 + Level 3.0 Armour
 + Level 3.0 Shields
 + Level 0.5 Evocations


You had 2 spell levels left.
You didn't know any spells.
Your spell library was empty.

Dungeon Overview and Level Annotations

Branches:
Dungeon (2/15)

Shops:
D:2 (?(

Annotations:
D:2 Robin


Innate Abilities, Weirdness & Mutations

You have an increased reservoir of magic. (+10% MP)
You shall have no god before yourself.
Your divine heritage dramatically boosts your attributes as you level up.


Message History

You closely miss the goblin.
The goblin is moderately wounded.
You block the goblin's attack. The goblin hits you with a +0 club.
* * * LOW HITPOINT WARNING * * *
You hit the goblin.
The goblin is severely wounded.
The goblin barely misses you. The goblin hits you but does no damage.
The goblin closely misses you.
You barely miss the goblin.
The goblin is severely wounded.
The goblin hits you with a +0 club.
* * * LOW HITPOINT WARNING * * *
The goblin closely misses you. You block the goblin's attack.
You slash the goblin!
You kill the goblin!
Robin throws the goblin at you! The goblin barely misses you.
The goblin completely misses you.
You hit the goblin.
The goblin is heavily wounded.
The goblin no longer looks unusually strong.
The goblin hits you but does no damage. x2
Robin roars a battlecry!
The goblin goes into a battle-frenzy!
You barely miss the goblin.
The goblin is heavily wounded.
The goblin no longer looks unusually strong.
You block the goblin's attack. The goblin hits you with a +0 club.
* * * LOW HITPOINT WARNING * * *
You block the goblin's attack.
Unknown command.
You hit the goblin.
The goblin is severely wounded.
The goblin hits you with a +0 club.
* * * LOW HITPOINT WARNING * * *
Robin roars a battlecry!
The goblin goes into a battle-frenzy!
The goblin hits you with a +0 club.
* * * LOW HITPOINT WARNING * * *
The goblin hits you with a +0 club.
You die...

#.#.# #.#......##
##.#.# #.#.......^
#....# #..........
#(.#######.)......
#<....)...........
#.###############.
#.# .# ## #g# ..#
#@# ..# #g#...#
#.####g#...###
#....ggg.....#
######g#....##
..g.g.)g...#.#
...g....##.# #
######### .# #


You could see Robin, 3 hobgoblins and 4 goblins.

Vanquished Creatures
  2 adders (D:2)
  2 dart slugs
  3 endoplasms (D:1)
  2 giant cockroaches (D:2)
  5 goblins
  3 hobgoblins
  3 kobolds
  3 bats
  A frilled lizard (D:1)
  3 rats
27 creatures vanquished.

Notes
Turn   | Place    | Note
-------+----------+-------------------------------------------
     0 | D:1      | pkoi the Demigod Fighter began the quest for the Orb.
     0 | D:1      | Reached XP level 1. HP: 18/18 MP: 3/3
   430 | D:1      | Reached XP level 2. HP: 25/25 MP: 4/4
   848 | D:2      | Found Coatets's Antique Weapon Shop.
   992 | D:2      | Found Badd's Magic Scroll Emporium.
  1115 | D:2      | Reached XP level 3. HP: 26/30 MP: 5/5
  1399 | D:2      | Found Kuudweih's Antique Weapon Shoppe.
  1554 | D:2      | Noticed Robin
  1570 | D:2      | Slain by a goblin

Illustrated notes

Levels and vault maps discovered:
D:1:      ebering_hopf_link, layout_basic
D:2:      layout_basic, shapermc_ecumenical_altar_notcrosses, serial_shops,
          shop, nicolae_lakefront_shop, nicolae_lakefront_shop, shop, shop,
          minmay_vboxes, uniq_robin

Skill      XL: |  1  2  3 |
---------------+----------+-----
Long Blades    | 2 |  2.5
Armour         | 3 |  3.0
Shields        | 3 |  3.0
Fighting       | 3 |  3.0
Evocations     | |  0.5

Action                   || total
-------------------------++-------
Melee: Long sword        ||    88
Armor: Scale mail        ||    50
Dodge: Dodged            ||    43
Block: Buckler           ||    18
